[Event "68th RUS-ch Women Superfinal 2018"]
[Site "Satka"]
[Date "2018.09.01"]
[Round "7"]
[White "Tomilova, Elena"]
[Black "Gritsayeva, Oksana"]
[Result "1-0"]
[ECO "A04"]
[WhiteElo "2332"]
[BlackElo "2391"]
[Annotator "NA"]
[PlyCount "101"]
[EventDate "2018.08.25"]
[EventType "tourn"]
[EventCountry "RUS"]
[SourceTitle "playchess.com"]
[Source "ChessBase"]
[SourceQuality "1"]
[TimeControl "40/5400+30:1800+30"]

1. Nf3 c5 2. c4 Nc6 3. Nc3 g6 4. e3 Bg7 5. d4 d6 6. d5 Ne5 7. Nxe5 Bxe5 8. Bd3 Bxc3+ {[%emt 0:06:58] A35: Englische Eröffnung (Symmetrische Variante)} 9. bxc3 {[%emt 0:00:06] LiveBook: 3 Games} e5 10. e4 Qa5 $146 (10... Nf6 $142) ({Vorgänger:} 10... Bd7 11. f4 Qc7 12. O-O f6 13. a4 O-O-O 14. fxe5 dxe5 15. a5 Kb8 16. Be3 {1-0 (26) Iturrizaga Bonelli,E (2605)-Popov,I (2582) Puerto Madryn 2009}) 11. O-O Bd7 12. f4 f6 13. fxe5 dxe5 14. Rb1 O-O-O (14... Rb8 $16 15. Bg5 Qd8) 15. Rf2 h5 {[%emt 0:04:37] [#]} 16. Rb3 ({Don't take} 16. Qb3 $6 b6 $16) (16. Rfb2 $1 $18 {[%cal Rb2b7] has better winning chances.} b6 17. Qe1) 16... Qc7 17. Qf1 Qd6 $2 (17... Kb8 $16 {was necessary.}) 18. Be3 Kc7 $2 (18... Be8 {is a better chance.} 19. a4 Kb8) 19. a4 b6 {[%emt 0:03:21] [#]} 20. a5 $1 Rb8 21. Ra3 Rh7 22. axb6+ axb6 23. Qa1 Ne7 24. Ra7+ Rb7 25. Ra8 Rb8 26. Ra6 Rf7 27. Bc2 (27. Rb2 $18) 27... Kd8 28. Bg5 Be8 29. Qf1 Ng8 30. Be3 Ke7 31. h3 Kf8 32. Qa1 Ne7 33. Bd1 Kg7 34. Ra7 Nc8 35. Rxf7+ Bxf7 36. g4 Qe7 37. gxh5 gxh5 38. Rg2+ Kh7 $1 39. Qb2 Nd6 ({Better is} 39... Ra8 $14) 40. Bxc5 $1 Qc7 41. Bxd6 Qxd6 42. Kh2 Bg6 43. Qf2 Bxe4 {[%emt 0:03:26] [#]} 44. Rg1 $18 Bg6 45. Qg3 Rg8 46. Bc2 Qc5 47. Bxg6+ Kh6 48. d6 Rg7 49. d7 Rg8 50. Qh4 e4 51. Qf4+ 1-0

[Event "68th RUS-ch Women Superfinal 2018"]
[Site "Satka"]
[Date "2018.09.04"]
[Round "10"]
[White "Gunina, Valentina"]
[Black "Pogonina, Natalija"]
[Result "0-1"]
[ECO "A06"]
[WhiteElo "2528"]
[BlackElo "2469"]
[Annotator "RC"]
[PlyCount "180"]
[EventDate "2018.08.25"]
[EventType "tourn"]
[EventCountry "RUS"]
[SourceTitle "playchess.com"]
[Source "ChessBase"]
[SourceQuality "1"]
[TimeControl "40/5400+30:1800+30"]

1. Nf3 d5 2. g3 Bg4 3. Bg2 c6 4. h3 Bxf3 5. Bxf3 Nf6 6. d4 e6 7. O-O Be7 8. Nd2 O-O 9. c4 Nbd7 10. Bg2 Re8 11. b3 Bb4 12. Bb2 Qa5 13. Nf3 Bc3 14. Qc2 Ne4 15. Rac1 Bxb2 16. Qxb2 Qd8 17. Rfd1 Qe7 18. e3 Rec8 19. Ne5 Nxe5 20. dxe5 Nc5 21. Rc2 a5 22. Kh2 h6 23. Qd4 b6 24. Qf4 Rf8 25. cxd5 cxd5 26. Qd4 Qb7 27. h4 Rac8 28. Rdc1 Rfd8 29. Bf1 Qb8 30. Bb5 Rc7 31. Qb2 Rdc8 32. a3 Qa7 33. b4 Nd7 34. f4 Rxc2+ 35. Rxc2 Rxc2+ 36. Qxc2 Nf8 37. Qb2 axb4 38. axb4 Ng6 39. h5 Ne7 40. g4 Qc7 41. Kg3 Nc8 42. Kf2 Kf8 43. Ke2 Ke7 44. Kd2 Na7 45. Bd3 Nc6 46. Qc3 Qb7 47. Bc2 Nb8 48. Qa1 Qa6 49. Qc3 Kd8 50. e4 dxe4 51. Bxe4 Qb5 52. g5 Na6 53. Bd3 Qd5 54. f5 Nc7 55. g6 exf5 56. gxf7 Qxf7 57. Bc4 Qd7+ 58. Kc1 f4 59. Bb3 Ke7 60. Qc4 Ne6 61. Qe4 b5 62. Kb1 Qd4 63. Qb7+ Qd7 64. Qa8 Qd3+ 65. Bc2 Qc4 66. Qb7+ Nc7 67. Kc1 Qf1+ 68. Kb2 Qc4 69. Qa7 Qxb4+ 70. Ka2 Qc3 71. Bb3 Qxe5 72. Qa3+ Kf6 73. Qf8+ Kg5 74. Qf7 Kh4 75. Qg6 b4 76. Qg2 Qa5+ 77. Kb1 Qf5+ 78. Bc2 Qg4 79. Qf2+ Qg3 80. Qd4 Qe1+ 81. Ka2 Ne6 82. Qd5 Qe2 83. Kb1 Qe3 84. Bb3 Nd4 85. Bc4 b3 86. Qd8+ Kg3 87. Qc7 Qe4+ 88. Ka1 Qa8+ 89. Kb2 Qa2+ 90. Kc3 Nb5+ {[%emt 0:00:10] Kd4} 0-1